 Dungeon Crawl Stone Soup version 0.26-a0-1181-gd376ed14c5 (webtiles) character file.

Game seed: 9523401083444618739

70 Azzok the Chopper (level 4, 26/35 HPs)
             Began as a Demonspawn Berserker on Dec 26, 2020.
             Was a Believer of Trog.
             Quit the game on level 2 of the Dungeon.
             The game lasted 00:01:43 (1336 turns).

Azzok the Chopper (Demonspawn Berserker)            Turns: 1336, Time: 00:01:43

Health: 26/35      AC:  8    Str: 18    XL:     4   Next: 3%
Magic:  4/4        EV: 10    Int:  8    God:    Trog [**....]
Gold:   61         SH:  0    Dex: 13    Spells: 3/3 levels left

rFire    . . .     SeeInvis .   a - +0 hand axe
rCold    + . .     Faith    .   (no shield)
rNeg     . . .     Spirit   .   k - +0 scale mail
rPois    .         Reflect  .   (no helmet)
rElec    .         Harm     .   (no cloak)
rCorr    .         Rampage  .   (no gloves)
Will     .....                  (no boots)
Stlth    ..........             (no amulet)
HPRegen  0.11/turn              (no ring)
MPRegen  0.09/turn              (no ring)

@: no status effects
A: yellow scales 1, cold resistance 1
a: Renounce Religion, Berserk, Trog's Hand


You were on level 2 of the Dungeon.
You worshipped Trog.
Trog was pleased with you.
You visited 1 branch of the dungeon, and saw 2 of its levels.

You collected 61 gold pieces.

Inventory:

Hand Weapons
 a - a +0 hand axe (weapon)
Armour
 k - a +0 scale mail (worn)
Scrolls
 b - a scroll of fog {unknown}
 c - a scroll of teleportation {unknown}
 d - 2 scrolls of identify {unknown}
 h - a scroll of magic mapping {unknown}
 j - a scroll of enchant weapon {unknown}
Potions
 e - 2 potions of curing
 f - a potion of flight {unknown}
 i - a potion of degeneration {unknown}


   Skills:
 - Level 3.0 Fighting
 + Level 4.5 Axes
 - Level 1.7 Armour
 - Level 1.7 Dodging


You had 3 spell levels left.
You didn't know any spells.
Your spell library was empty.

Dungeon Overview and Level Annotations

Branches:
Dungeon (2/15)

Altars:
Fedhas
Qazlal


Innate Abilities, Weirdness & Mutations

You are partially covered in yellow scales. (AC +2)
Your flesh is cold resistant. (rC+)


Message History

You are too injured to fight recklessly!
You miss the adder.
The adder is heavily wounded.
The adder bites you but does no damage.
You miss the adder.
The adder is heavily wounded.
The adder bites you but does no damage.
You miss the adder.
The adder is heavily wounded.
The adder closely misses you. The adder completely misses you.
You miss the adder.
The adder is heavily wounded.
The adder bites you.
You hit the adder.
You kill the adder!
Trog accepts your kill.
You have reached level 4!
You feel agile.
Your demonic ancestry asserts itself...
You feel resistant to cold.
Are you sure you want to abandon this character and quit the game? (Confirm with "yes".)

▒▒▒▒▒▒▒▒▒··≈·
▒▒▒▒·····▒··P··≈
▒▒·P····^^···♣·≈≈
▒·PPP···≈≈·^·····
▒PP_····§§§§·····
▒·PPP···▒§▒§·····
▒······§§≈§·····
▒†·····@§§·····
▒▒)······†·····≈
▒▒·············♣≈
▒··············♣
▒···(···▒▒·▒▒····
▒··(····▒▒·▒ ··♣P
▒▒▒▒†······▒·▒
≈≈≈
▒···(····▒···▒ ≈P
▒·▒<†·····▒··


There were no monsters in sight!

Vanquished Creatures
  Terence (D:1)
  An adder (D:2)
  A worm (D:2)
  A dart slug (D:1)
  A leopard gecko (D:1)
  7 bats
  2 giant cockroaches (D:1)
  2 goblins (D:1)
  4 hobgoblins (D:1)
  3 kobolds
  A ball python (D:2)
  2 frilled lizards (D:1)
  6 rats
32 creatures vanquished.

Vanquished Creatures (others)
  A plant (D:2)
1 creature vanquished.

Grand Total: 33 creatures vanquished

Notes
Turn   | Place    | Note
-------+----------+-------------------------------------------
     0 | D:1      | Azzok the Demonspawn Berserker began the quest for the Orb.
     0 | D:1      | Reached XP level 1. HP: 18/18 MP: 1/1
   159 | D:1      | Reached skill level 3 in Axes
   528 | D:1      | Gained mutation: You are partially covered in yellow
                  | scales. (AC +2) [demonic ancestry]
   528 | D:1      | Reached XP level 2. HP: 23/24 MP: 2/2
  1054 | D:1      | Reached ** piety under Trog
  1136 | D:2      | Noticed Terence
  1149 | D:1      | Reached XP level 3. HP: 22/29 MP: 3/3
  1156 | D:1      | Killed Terence
  1157 | D:1      | Reached skill level 4 in Axes
  1307 | D:2      | Found a blossoming altar of Fedhas.
  1309 | D:2      | Found a stormy altar of Qazlal.
  1336 | D:2      | Gained mutation: Your flesh is cold resistant. (rC+)
                  | [demonic ancestry]
  1336 | D:2      | Reached XP level 4. HP: 26/35 MP: 4/4
  1336 | D:2      | Quit the game

Illustrated notes

Levels and vault maps discovered:
D:1:      saegor_arrival_simple_a, layout_loops_cross
D:2:      layout_rooms, grunt_temple_overflow_forces_of_nature, serial_bayou,
          serial_bayou_pond_b, serial_bayou_lagoon_b, serial_bayou_pond_e,
          serial_bayou_lake_a, serial_bayou_pond_b, serial_bayou_pond_e,
          chequers_arboretum, uniq_robin, uniq_terence

Skill      XL: |  1  2  3 |
---------------+----------+-----
Axes           | 3 4 |  4.5
Fighting       | |  3.0
Armour         | |  1.7
Dodging        | |  1.7

Action                   |  1- 3 |  4- 6 || total
-------------------------+-------+-------++-------
Melee: Hand axe          |    94 |       ||    94
Invok: Berserk           |     1 |       ||     1
Armor: Animal skin       |     6 |       ||     6
       Ring mail         |    24 |       ||    24
       Scale mail        |     6 |       ||     6
Dodge: Dodged            |    64 |       ||    64

Table legend: (Time is in decaauts)
 A = Elapsed time spent in this place.
 B = Non-inter-level travel time spent in this place.
 C = Inter-level travel time spent in this place.
 D = Time resting spent in this place.
 E = Time spent auto-exploring this place.
 F = Levels seen in this place.
 G = Mean time per level.
                   A        B        C        D        E       F      G
               +--------+--------+--------+--------+--------+-----+--------+
         Total |   1354 |   1343 |     11 |    204 |    899 |   2 |  677.0 |
       Dungeon |   1354 |   1343 |     11 |    204 |    899 |   2 |  677.0 |
               +--------+--------+--------+--------+--------+-----+--------+

Top non-repeatable levels by time:
     D:1: 1305 daAuts
     D:2: 49 daAuts
